 Dungeon Crawl Stone Soup version 0.30-a0-1160-g6e42c06551 (console) character file.

Game seed: 5271973701210639375

0 petzl the Sneak (level 1, -5/18 HPs)
             Began as a Formicid Delver on Apr 26, 2023.
             Slain by a yak (11 damage)
             ... on level 8 of the Dungeon.
             The game lasted 00:03:27 (421 turns).

petzl the Sneak (Formicid Delver)                    Turns: 421, Time: 00:03:27

Health: -5/18      AC:  3    Str: 16    XL:     1   Next: 0%
Magic:  1/1        EV: 12    Int:  9    God:
Gold:   74         SH:  0    Dex: 15    Spells: 0/0 levels left

rFire   . . .        a - +0 mace
rCold   . . .        (no shield)
rNeg    . . .        b - +0 leather armour
rPois   .            (helmet unavailable)
rElec   .            (no cloak)
rCorr   .            (no gloves)
SInv    +            (no boots)
Will    .....        (no amulet)
Stlth   +++          (no ring)
HPRegen 0.23/turn    (no ring)
MPRegen 0.07/turn

%: no passive effects
@: marked
A: permanent stasis, dig shafts and tunnels, antennae 3, four strong arms
a: Dig, Shaft Self


You were on level 8 of the Dungeon.
You visited 1 branch of the dungeon, and saw 5 of its levels.

You collected 74 gold pieces.

Inventory:

Hand Weapons
 a - a +0 mace (weapon)
Armour
 b - a +0 leather armour (worn)
Wands
 f - a wand of digging (3)
Scrolls
 c - a scroll of fog
 d - 2 scrolls of magic mapping
 e - a scroll of enchant weapon {unknown}
 g - a scroll of torment {unknown}
Potions
 h - 2 potions of curing {unknown}


   Skills:
 - Level 3.2 Fighting
 - Level 2.0 Maces & Flails
 - Level 1.7 Dodging
 - Level 6.0 Stealth
 + Level 0.0 Spellcasting


You couldn't memorise any spells.
You didn't know any spells.
Your spell library was empty.

Dungeon Overview and Level Annotations

Branches:
Dungeon (9/15)
 Temple: D:4-7         Lair: D:8-11         Orc: D:9-12

Altars:

Annotations:
D:6 exclusions: black bear, hound, ogre and wight
D:7 exclusion: water moccasin
D:8 Maurice


Innate Abilities, Weirdness & Mutations

You cannot be hasted, slowed, berserked, paralysed or teleported.
You can dig through walls and to a lower floor.
You have a pair of large antennae on your head. (SInv)
Your four strong arms can wield two-handed weapons with a shield.


Message History

You hear a bellow! x6; You hear two shouts!
You hear a shout! x3
You hear an angry hiss.
You hear a shout! x15; You hear a bellow!
You hear a shout! x2; You hear a bellow!
You hear a shout! x5; You hear a bellow!
You hear a shout! x2; You hear a bellow!
You hear a shout!
You hear an angry buzzing noise. x4
There is a stone staircase leading up here.
You start waiting.
You sense a monster nearby.
Unknown command.
You start waiting.
A centaur comes into view.
The centaur wields a +3 shortbow.
The centaur shoots an arrow.
The arrow hits you.
Unknown command.
Unknown command.
The centaur shoots an arrow.
The arrow hits you!
Ouch! That really hurt!
* * * LOW HITPOINT WARNING * * *
You climb upwards.
There is a stone staircase leading down here.
As you read the scroll of fear, it crumbles to dust.
You assume a fearsome visage.
The yak looks frightened!
The yak bellows!
The yak looks frightened!
The bullfrog looks frightened!
The bullfrog croaks.
You hear a bellow!
You hear a shout! x5
Found a scroll labelled NIRPHO HALAMN.
A yak comes into view.
Maurice the Thief comes into view.
He is wielding a +0 dagger and carrying a wand of iceblast (11).
A shadow imp comes into view.
Maurice casts a spell.
Maurice blinks!
Maurice moves out of view.
You see here a scroll labelled NIRPHO HALAMN.
e - a scroll labelled NIRPHO HALAMN A yak comes into view.
Are you sure you want to shaft yourself?
The bullfrog hits you but does no damage.
You begin to dig a shaft.
You continue digging a shaft.
The bullfrog barely misses you. The yak gores you!
Ouch! That really hurt!
You die...

# ##.
..#.{.#####
...{.{.>..#
Y.#.#.#.#Y# #
# #{#.# #..
..#5#
.....##Y#
#....F@#
#..##### #..
.#### .....
..... ..... .
.....### # ..
.....+.#
.#...
.....#.##...#
#.<....#
##.....#
#..#### #.>#
####


You could see 2 yaks, a bullfrog and a shadow imp.

Vanquished Creatures (others)
  A butterfly (D:9)
1 creature vanquished.

Notes
Turn   | Place    | Note
-------+----------+-------------------------------------------
     0 | D:5      | petzl the Formicid Delver began the quest for the Orb.
     0 | D:5      | Reached XP level 1. HP: 18/18 MP: 1/1
    24 | D:6      | Noticed an ogre
    58 | D:6      | Noticed a black bear
    95 | D:6      | Noticed a wight
   100 | D:6      | Noticed a hound
   187 | D:6      | Noticed a wight
   194 | D:6      | Noticed an ice beast
   252 | D:6      | Noticed a bullfrog
   257 | D:6      | You fall into a shaft and drop 3 floors!
   317 | D:9      | Noticed a boulder beetle
   318 | D:9      | Noticed a six-headed hydra
   340 | D:7      | Noticed a water moccasin
   360 | D:7      | Noticed a bullfrog
   368 | D:7      | You fall into a shaft and drop 2 floors!
   409 | D:9      | Noticed a centaur
   411 | D:8      | Noticed a yak
   411 | D:8      | Noticed a yak
   411 | D:8      | Noticed a bullfrog
   413 | D:8      | Noticed a yak
   418 | D:8      | Noticed Maurice
   419 | D:8      | Noticed a yak
   421 | D:8      | Slain by a yak

Illustrated notes

Levels and vault maps discovered:
D:5:      minmay_octagon_keep, layout_basic, uniq_blork_the_orc, uniq_sigmund,
          uniq_crazy_yiuf_cottage
D:6:      layout_basic, nicolae_ru_sacrificial_ziggurat
D:7:      layout_basic, minmay_crystal_room, roderic_lattice_a, uniq_menkaure
D:8:      layout_basic, mainiacjoe_overflow_six_doors_small,
          david_lair_shrubbed, nicolae_shop_firing_range, uniq_maurice
D:9:      layout_basic, nicolae_elyvilon_peaceful_grove, erik_orc_2,
          gammafunk_ghost_hydra_chop, minmay_radiant

Action                     || total
---------------------------++-------
  Melee: Mace              ||     1
Ability: Shaft Self        ||     3
    Use: Scroll            ||     1
 Armour: Leather armour    ||     2
  Dodge: Dodged            ||     5

Table legend: (Time is in decaauts)
 A = Elapsed time spent in this place.
 B = Non-inter-level travel time spent in this place.
 C = Inter-level travel time spent in this place.
 D = Time resting spent in this place.
 E = Time spent auto-exploring this place.
 F = Levels seen in this place.
 G = Mean time per level.
                   A        B        C        D        E       F      G
               +--------+--------+--------+--------+--------+-----+--------+
         Total |    422 |    407 |     15 |     18 |     87 |   5 |   84.4 |
       Dungeon |    422 |    407 |     15 |     18 |     87 |   5 |   84.4 |
               +--------+--------+--------+--------+--------+-----+--------+

Top non-repeatable levels by time:
     D:6: 210 daAuts
     D:9: 119 daAuts
     D:5: 48 daAuts
     D:7: 28 daAuts
     D:8: 17 daAuts
